 Dungeon Crawl Stone Soup version 0.24-a0-769-g368c1644f8 (webtiles) character file.

Game seed: 7160047094105010978, levelgen mode: deterministic

101 Arixos the Vexing (level 4, -2/19 HPs)
             Began as a Felid Enchanter on Oct 5, 2019.
             Slain by an ogre
             ... wielding a +0 giant club
              (21 damage)
             ... on level 6 of the Dungeon.
             The game lasted 00:15:56 (3670 turns).

Arixos the Vexing (Felid Enchanter)                 Turns: 3670, Time: 00:15:56

Health: -2/19      AC:  1    Str:  4    XL:     4   Next: 48%
Magic:  1/8        EV: 19    Int: 16    God:
Gold:   160        SH:  0    Dex: 18    Spells: 2/8 levels left
                                        Lives:  0   Deaths: 1

rFire    . . .     SeeInvis +     - Unarmed
rCold    . . .     Gourm    .   (shield unavailable)
rNeg     . . .     Faith    .   (armour unavailable)
rPois    .         Spirit   .   (helmet unavailable)
rElec    .         Reflect  .   (cloak unavailable)
rCorr    .         Harm     .   (gloves unavailable)
MR       .....                  (boots unavailable)
Stlth    +++.......             (no amulet)
HPRegen  0.06/turn              (no ring)
MPRegen  0.11/turn              (no ring)

@: quick
A: very small, no armour, no weapons or thrown items, stealth, claws 1, fangs 3,
see invisible, carnivore, speed 1, shaggy fur 1, slow metabolism 1, sharp paws
a: no special abilities


You were on level 6 of the Dungeon.
You were very full.

You visited 1 branch of the dungeon, and saw 5 of its levels.

You collected 160 gold pieces.

Inventory:

Wands
 i - a wand of flame (19)
Scrolls
 d - 2 scrolls of fear {unknown}
 f - a scroll of remove curse {unknown}
 h - a scroll of identify {unknown}
 k - a scroll of noise {unknown}
Potions
 a - 2 potions of berserk rage {unknown}
 c - a potion of lignification {unknown}
 e - 3 potions of curing {unknown}
 g - a potion of degeneration {unknown}
Comestibles
 b - 6 rations


   Skills:
 + Level 1.6 Fighting
 + Level 3.9 Dodging
 + Level 4.8 Stealth
 + Level 2.1 Unarmed Combat
 + Level 2.6 Spellcasting
 + Level 5.1 Hexes
 + Level 1.3 Ice Magic


You had 2 spell levels left.
You knew the following spells:

 Your Spells              Type           Power        Failure   Level  Hunger
a - Ensorcelled Hibernat  Hex/Ice        ##....       8%          2    ##.....
b - Corona                Hex            ###....      2%          1    #......
c - Confuse               Hex            ###.....     7%          3    ###....

Your spell library contained the following spells:

 Spells                   Type           Power        Failure   Level  Hunger
 Tukima's Dance           Hex            ###.....     7%          3    ###....
 Dazzling Spray           Conj/Hex       ##....       21%         3    ###....


Dungeon Overview and Level Annotations

Branches:
Dungeon (6/15)
 Temple: D:4-7

Altars:
Ashenzari
Cheibriados
Kikubaaqudgha
Makhleb
Uskayaw
Xom
Zin


Innate Abilities, Weirdness & Mutations

You cannot wear armour.
You are incapable of wielding weapons or throwing items.
Your paws allow you to move quietly. (Stealth)
You have sharp claws.
You have razor-sharp teeth.
You have supernaturally acute eyesight. (SInv)
You are carnivorous and can eat meat at any time.
You cover ground quickly.
You are covered in fur. (AC +1)
You have a slow metabolism.
Your sharp claws are effective at attacking unaware monsters.


Message History

Confirm with . or Enter, or press ? or * to list all spells.
Aiming: Confuse (safe; 7% risk of failure)
Press: ? - help, Shift-Dir - straight line, f/p - ogre
Aim: an ogre, wielding a +0 giant club (almost dead, chance to defeat MR: 49%)
The ogre resists with some effort.
There is an open door here.
Casting: Confuse (safe; 7% risk of failure)
Confirm with . or Enter, or press ? or * to list all spells.
Aiming: Ensorcelled Hibernation (safe; 8% risk of failure)
Press: ? - help, Shift-Dir - straight line, f - you, p - ogre
Okay, then.
Casting: Ensorcelled Hibernation (safe; 8% risk of failure)
Confirm with . or Enter, or press ? or * to list all spells.
Aiming: Ensorcelled Hibernation (safe; 8% risk of failure)
Press: ? - help, Shift-Dir - straight line, f/p - ogre
Aim: an ogre, wielding a +0 giant club (almost dead, chance to defeat MR: 43%)
The ogre resists with some effort.
The ogre hits you with a +0 giant club!!
Ouch! That really hurt!
You die...

......+...............#.........#
......##..#........#####.......##
......##.....#'###.#...#.......#.
........##.#.#.# #.#...+..)_...'.
........##...#.# #.....#.......#.
#####...###..#O# #..####.......##
# ##### #..#.# #....#.........# #
###..#.#####..#⌠.##+.#.⌠. #
........O@.....####...#### #
#.###...###.##....#...#... #
##..###.##....#...#... #
#.>...........#.##... #
##.....####........## # #.#####
#.......### # .... #######.... #
#### ##### #


You could see an ogre.

Vanquished Creatures
  2 hounds
  Terence (D:2)
  3 adders
  2 worms (D:2)
  3 dart slugs
  2 leopard geckos
  An orc (D:5)
  A ball python (D:3)
  4 bats
  5 goblins
  5 hobgoblins
  3 jackals (D:5)
  7 kobolds
  A quokka skeleton (D:3)
  7 rats
47 creatures vanquished.

Notes
Turn   | Place    | Note
-------+----------+-------------------------------------------
     0 | D:1      | Arixos the Felid Enchanter began the quest for the Orb.
     0 | D:1      | Reached XP level 1. HP: 7/7 MP: 4/4
   242 | D:1      | Reached XP level 2. HP: 11/11 MP: 3/6
   280 | D:1      | Learned a level 2 spell: Ensorcelled Hibernation
  1697 | D:2      | Reached XP level 3. HP: 9/15 MP: 4/7
  1896 | D:2      | Learned a level 3 spell: Confuse
  1907 | D:2      | Found a hide-covered altar of Uskayaw.
  1979 | D:2      | Found an ancient bone altar of Kikubaaqudgha.
  2105 | D:2      | Found a burning altar of Makhleb.
  2135 | D:2      | Reached skill level 1 in Fighting
  2675 | D:2      | Noticed Terence
  2708 | D:2      | Killed Terence
  2708 | D:2      | Reached skill level 1 in Ice Magic
  2708 | D:2      | Reached XP level 4. HP: 14/19 MP: 0/8
  2876 | D:3      | Found a snail-covered altar of Cheibriados.
  2937 | D:3      | Found a shimmering altar of Xom.
  3205 | D:3      | Reached skill level 5 in Hexes
  3268 | D:3      | You fall into a shaft and drop 3 floors!
  3269 | D:6      | Found a shattered altar of Ashenzari.
  3324 | D:5      | Entered Level 5 of the Dungeon
  3334 | D:5      | Reached XP level 5. HP: 22/22 MP: 9/9
  3444 | D:5      | Noticed an ogre
  3527 | D:6      | Found a glowing silver altar of Zin.
  3527 | D:6      | Noticed an ogre
  3529 | D:6      | Mangled by an ogre
  3530 | D:6      | Reached XP level 4. HP: -8/19 MP: 8/8
  3670 | D:6      | Slain by an ogre

Levels and vault maps discovered:
D:1:      lightli_arrival_flooded_house, layout_basic, minmay_hexomino_u4
D:2:      layout_rooms, lemuel_round_altar, kiku_gazebo_garden_becter,
          lemuel_doored_altar, uniq_terence
D:3:      layout_basic, cheibriados_altar_1, brannock_xom_greatest_gift,
          first_ration
D:5:      layout_loops_ring, zin_scriptorium, minmay_temple_entry_fiery
D:6:      layout_basic, evilmike_ruin_ashenzari, basic_altar, serial_shops, shop

Skill      XL: |  1  2  3  4 |
---------------+-------------+-----
Dodging        | 3 |  3.9
Fighting       | 1 |  1.6
Ice Magic      | 1 |  1.3
Hexes          | 5 |  5.1
Unarmed Combat | 2 |  2.1
Stealth        | |  4.8
Spellcasting   | |  2.6

Action                   |  1- 3 |  4- 6 || total
-------------------------+-------+-------++-------
Melee: Unarmed           |    80 |    25 ||   105
       Bite              |     7 |       ||     7
       Punch             |     1 |       ||     1
 Cast: Corona            |     6 |       ||     6
       Ensorcelled Hiber |    31 |    12 ||    43
       Confuse           |     4 |     4 ||     8
 Stab: Sleeping          |    30 |    13 ||    43
       Confused          |     3 |     1 ||     4
  Eat: Chunk             |    12 |     8 ||    20
Armor: Skin              |     4 |     1 ||     5
Dodge: Dodged            |    79 |    18 ||    97

Table legend:
 A = Non-vault XP
 B = Vault XP
 C = Vault XP percentage of total XP
 D = Non-vault monster count
 E = Vault monster count
 F = Vault count percentage of total count
                 A         B        C        D         E       F
            +---------+---------+-------+---------+---------+-------
      Total |     203 |      46 |  18.5 |      41 |       6 |  12.8
            +---------+---------+-------+---------+---------+-------
        D:1 |      27 |      10 |  27.0 |      14 |       5 |  26.3
        D:2 |      55 |      36 |  39.6 |      14 |       1 |   6.7
        D:3 |      26 |       0 |   0.0 |       7 |       0 |   0.0
        D:5 |      52 |       0 |   0.0 |       5 |       0 |   0.0
        D:6 |      43 |       0 |   0.0 |       1 |       0 |   0.0
            +---------+---------+-------+---------+---------+-------
